[ AOE2 MATCH · #506548326 ]
UnrankedPersians vs Japanese
[ REPLAY ANALYSIS · EXTRACTED FROM THE RECORDED GAME ]
Feudal
29:21
Castle
—
Imperial
—
| APM avg | 33.5 |
| APM peak | 65 |
| eAPM avg | 20.7 |
| Villagers / military | 107 / 0 |
Focus
⚔️ 21.3% · 🌾 78.7%
Feudal
11:51
Castle
23:16
Imperial
—
| APM avg | 37.5 |
| APM peak | 87 |
| eAPM avg | 19.1 |
| Villagers / military | 168 / 97 |
Focus
⚔️ 32.0% · 🌾 68.0%
Scout Cavalry ×46 · Knight ×44 · Battering Ram ×7
Feudal
14:18
Castle
26:27
Imperial
—
| APM avg | 24.6 |
| APM peak | 54 |
| eAPM avg | 16.5 |
| Villagers / military | 96 / 78 |
Focus
⚔️ 26.1% · 🌾 73.9%
Samurai ×66 · Spearman ×7 · Militia ×5
Feudal
14:39
Castle
27:14
Imperial
—
| APM avg | 40.8 |
| APM peak | 141 |
| eAPM avg | 23.0 |
| Villagers / military | 106 / 21 |
Focus
⚔️ 22.1% · 🌾 77.9%
Camel Scout ×7 · Scout Cavalry ×7 · Spearman ×5 · Mangonel ×2
Feudal
12:37
Castle
22:05
Imperial
—
| APM avg | 58.2 |
| APM peak | 120 |
| eAPM avg | 24.4 |
| Villagers / military | 108 / 76 |
Focus
⚔️ 27.3% · 🌾 72.7%
Cavalry Archer ×51 · Knight ×8 · Scout Cavalry ×7 · Spearman ×4 · Battering Ram ×3 · Mangonel ×2
Feudal
12:32
Castle
—
Imperial
—
| APM avg | 25.0 |
| APM peak | 74 |
| eAPM avg | 12.6 |
| Villagers / military | 48 / 0 |
Focus
⚔️ 19.2% · 🌾 80.8%
Match map
Initial resources + every placement click. Lines = walls · curves = elevation contours. ◆ gold · ⬟ stone · ● berries · ✦ relic · ◌ wall gap
Your base· Open — unwalled flank
LMG_Leonardo's base· Open — 5t gap
john wick's base· Open — 6t gap
The Geo's base· Open — 8t gap
LMG_HERA DE TEMU's base· Open — 6t gap
[KKCK]Erdinger_CLs's base· Open — unwalled flank
Smoothed initial terrain · ◌ = detected wall gap · hover for details
Inputs per minute
— LMG_SON SABANDIJAS - - LMG_Leonardo
Build order — LMG_SON SABANDIJAS
144 actions detected in the replay
| 1:45 | Build | Town Center |
| 3:02 | Build | House |
| 3:56 | Queue | Villager (Male) |
| 3:56 | Queue | Villager (Male) |
| 3:56 | Queue | Villager (Male) |
| 3:57 | Queue | Villager (Male) |
| 3:57 | Queue | Villager (Male) |
| 3:57 | Queue | Villager (Male) |
| 5:00 | Queue | Villager (Male) |
| 5:01 | Queue | Villager (Male) |
| 5:34 | Queue | Villager (Male) |
| 5:34 | Queue | Villager (Male) |
| 5:59 | Queue | Villager (Male) |
| 5:59 | Queue | Villager (Male) |
| 6:11 | Build | Lumber Camp |
| 6:15 | Queue | Villager (Male) |
| 6:15 | Queue | Villager (Male) |
| 6:16 | Queue | Villager (Male) |
| 6:30 | Queue | Villager (Male) |
| 6:49 | Research | Loom |
| 6:53 | Build | House |
| 7:08 | Queue | Villager (Male) |
| 7:08 | Queue | Villager (Male) |
| 7:08 | Queue | Villager (Male) |
| 7:09 | Queue | Villager (Male) |
| 7:28 | Queue | Villager (Male) |
| 7:28 | Queue | Villager (Male) |
| 7:50 | Build | House |
| 8:33 | Queue | Villager (Male) |
| 8:33 | Queue | Villager (Male) |
| 8:58 | Queue | Villager (Male) |
| 8:58 | Queue | Villager (Male) |
| 11:05 | Build | Town Center |
| 12:42 | Build | House |
| 12:43 | Build | Palisade Wall |
| 12:51 | Build | Palisade Wall |
| 12:54 | Build | Palisade Gate |
| 13:00 | Queue | Villager (Male) |
| 13:00 | Queue | Villager (Male) |
| 13:00 | Queue | Villager (Male) |
| 13:01 | Queue | Villager (Male) |
| 13:38 | Build | Mill |
| 15:52 | Queue | Villager (Male) |
| 15:52 | Queue | Villager (Male) |
| 15:52 | Queue | Villager (Male) |
| 16:59 | Queue | Villager (Male) |
| 16:59 | Queue | Villager (Male) |
| 17:00 | Queue | Villager (Male) |
| 17:41 | Queue | Villager (Male) |
| 17:41 | Queue | Villager (Male) |
| 18:29 | Queue | Villager (Male) |
| 18:29 | Queue | Villager (Male) |
| 18:29 | Queue | Villager (Male) |
| 18:51 | Queue | Villager (Male) |
| 18:52 | Queue | Villager (Male) |
| 18:52 | Queue | Villager (Male) |
| 19:25 | Queue | Villager (Male) |
| 19:26 | Queue | Villager (Male) |
| 20:08 | Queue | Villager (Male) |
| 21:12 | Queue | Villager (Male) |
| 21:12 | Queue | Villager (Male) |
| 21:12 | Queue | Villager (Male) |
| 21:19 | Build | House |
| 21:20 | Build | House |
| 22:08 | Queue | Villager (Male) |
| 22:08 | Queue | Villager (Male) |
| 22:40 | Queue | Villager (Male) |
| 22:40 | Queue | Villager (Male) |
| 22:41 | Queue | Villager (Male) |
| 23:45 | Queue | Villager (Male) |
| 23:45 | Queue | Villager (Male) |
| 23:45 | Queue | Villager (Male) |
| 24:17 | Queue | Villager (Male) |
| 24:17 | Queue | Villager (Male) |
| 27:17 | Research | Feudal Age |
| 27:43 | Build | Palisade Wall |
| 28:18 | Queue | Villager (Male) |
| 28:19 | Queue | Villager (Male) |
| 29:21 | Age | Feudal Age |
| 29:42 | Build | Mill |
| 30:03 | Build | Market |
| 30:17 | Build | Blacksmith |
| 31:10 | Queue | Villager (Male) |
| 31:11 | Queue | Villager (Male) |
| 31:11 | Queue | Villager (Male) |
| 31:11 | Queue | Villager (Male) |
| 31:51 | Research | Fletching |
| 31:51 | Queue | Villager (Male) |
| 31:52 | Queue | Villager (Male) |
| 31:52 | Queue | Villager (Male) |
| 32:27 | Queue | Villager (Male) |
| 32:27 | Queue | Villager (Male) |
| 33:11 | Queue | Villager (Male) |
| 33:11 | Queue | Villager (Male) |
| 33:51 | Build | Farm |
| 33:54 | Build | Farm |
| 33:57 | Queue | Villager (Male) |
| 33:57 | Queue | Villager (Male) |
| 34:18 | Build | Farm |
| 34:20 | Queue | Villager (Male) |
| 34:20 | Queue | Villager (Male) |
| 34:20 | Queue | Villager (Male) |
| 34:25 | Build | Farm |
| 34:26 | Queue | Villager (Male) |
| 34:26 | Queue | Villager (Male) |
| 34:34 | Build | Mining Camp |
| 34:43 | Queue | Villager (Male) |
| 34:43 | Queue | Villager (Male) |
| 34:44 | Queue | Villager (Male) |
| 34:52 | Build | Mill |
| 35:26 | Queue | Villager (Male) |
| 35:27 | Queue | Villager (Male) |
| 35:28 | Build | Farm |
| 36:45 | Build | House |
| 36:48 | Build | Palisade Wall |
| 37:04 | Build | Palisade Wall |
| 37:13 | Build | House |
| 37:52 | Build | Town Center |
| 38:03 | Research | Double-Bit Axe |
| 38:37 | Queue | Villager (Male) |
| 38:38 | Queue | Villager (Male) |
| 38:40 | Queue | Villager (Male) |
| 38:40 | Queue | Villager (Male) |
| 38:46 | Build | Mill |
| 38:53 | Queue | Villager (Male) |
| 38:54 | Queue | Villager (Male) |
| 39:03 | Build | Mill |
| 39:11 | Queue | Villager (Male) |
| 39:24 | Research | Horse Collar |
| 39:42 | Queue | Villager (Male) |
| 39:42 | Queue | Villager (Male) |
| 40:28 | Queue | Villager (Male) |
| 40:28 | Queue | Villager (Male) |
| 40:29 | Queue | Villager (Male) |
| 40:49 | Queue | Villager (Male) |
| 40:50 | Queue | Villager (Male) |
| 41:06 | Queue | Villager (Male) |
| 41:07 | Queue | Villager (Male) |
| 41:23 | Queue | Villager (Male) |
| 41:24 | Queue | Villager (Male) |
| 41:42 | Queue | Villager (Male) |
| 41:43 | Queue | Villager (Male) |
| 41:53 | Queue | Villager (Male) |
| 41:53 | Queue | Villager (Male) |
Build order — LMG_Leonardo
First 150 of 375 actions detected
| 0:49 | Build | Town Center |
| 0:58 | Build | House |
| 2:14 | Build | House |
| 2:54 | Queue | Villager (Male) |
| 2:55 | Queue | Villager (Male) |
| 2:55 | Queue | Villager (Male) |
| 2:55 | Queue | Villager (Male) |
| 2:56 | Queue | Villager (Male) |
| 3:49 | Queue | Villager (Male) |
| 3:49 | Queue | Villager (Male) |
| 3:59 | Build | House |
| 4:11 | Build | House |
| 4:27 | Queue | Villager (Male) |
| 4:27 | Queue | Villager (Male) |
| 4:56 | Queue | Villager (Male) |
| 4:56 | Queue | Villager (Male) |
| 4:59 | Build | Lumber Camp |
| 5:10 | Build | House |
| 5:21 | Queue | Villager (Male) |
| 5:22 | Queue | Villager (Male) |
| 5:42 | Queue | Villager (Male) |
| 5:43 | Queue | Villager (Male) |
| 6:04 | Queue | Villager (Male) |
| 6:04 | Queue | Villager (Male) |
| 6:32 | Build | House |
| 6:57 | Queue | Villager (Male) |
| 6:57 | Queue | Villager (Male) |
| 7:07 | Build | Mill |
| 7:23 | Queue | Villager (Male) |
| 7:23 | Queue | Villager (Male) |
| 7:23 | Queue | Villager (Male) |
| 8:18 | Queue | Villager (Male) |
| 8:18 | Queue | Villager (Male) |
| 8:19 | Queue | Villager (Male) |
| 8:35 | Research | Loom |
| 8:38 | Build | House |
| 8:56 | Queue | Villager (Male) |
| 8:56 | Queue | Villager (Male) |
| 9:16 | Queue | Villager (Male) |
| 9:35 | Research | Feudal Age |
| 9:35 | Research | Feudal Age |
| 10:10 | Build | House |
| 10:15 | Build | Barracks |
| 10:47 | Queue | Villager (Male) |
| 10:47 | Queue | Villager (Male) |
| 11:51 | Age | Feudal Age |
| 11:53 | Build | Stable |
| 12:00 | Research | Double-Bit Axe |
| 12:03 | Build | House |
| 12:05 | Build | House |
| 12:35 | Queue | Scout Cavalry |
| 12:36 | Queue | Scout Cavalry |
| 12:38 | Queue | Villager (Male) |
| 12:50 | Build | Stable |
| 12:59 | Queue | Villager (Male) |
| 12:59 | Queue | Villager (Male) |
| 12:59 | Queue | Villager (Male) |
| 13:00 | Queue | Villager (Male) |
| 13:06 | Queue | Scout Cavalry |
| 13:33 | Build | Blacksmith |
| 13:35 | Build | Palisade Wall |
| 13:39 | Queue | Villager (Male) |
| 13:46 | Queue | Scout Cavalry |
| 13:46 | Queue | Scout Cavalry |
| 13:51 | Queue | Scout Cavalry |
| 13:51 | Queue | Scout Cavalry |
| 14:11 | Queue | Villager (Male) |
| 14:12 | Queue | Villager (Male) |
| 14:12 | Queue | Villager (Male) |
| 14:23 | Build | Mill |
| 14:39 | Research | Scale Barding Armor |
| 14:56 | Queue | Villager (Male) |
| 14:57 | Queue | Villager (Male) |
| 15:26 | Queue | Villager (Male) |
| 15:26 | Queue | Villager (Male) |
| 15:37 | Queue | Scout Cavalry |
| 15:37 | Queue | Scout Cavalry |
| 15:47 | Queue | Villager (Male) |
| 15:47 | Queue | Villager (Male) |
| 15:50 | Queue | Scout Cavalry |
| 15:50 | Queue | Scout Cavalry |
| 16:11 | Queue | Scout Cavalry |
| 16:11 | Queue | Scout Cavalry |
| 16:12 | Queue | Scout Cavalry |
| 16:12 | Queue | Scout Cavalry |
| 16:17 | Build | House |
| 16:18 | Build | House |
| 16:19 | Build | House |
| 16:19 | Build | House |
| 16:44 | Queue | Villager (Male) |
| 16:44 | Queue | Villager (Male) |
| 17:05 | Queue | Villager (Male) |
| 17:06 | Queue | Villager (Male) |
| 17:20 | Build | Farm |
| 17:25 | Build | Mill |
| 18:18 | Build | Mining Camp |
| 18:26 | Queue | Villager (Male) |
| 18:26 | Queue | Villager (Male) |
| 18:32 | Build | Palisade Wall |
| 18:34 | Build | Palisade Wall |
| 18:47 | Build | Market |
| 18:57 | Research | Wheelbarrow |
| 20:33 | Research | Castle Age |
| 20:33 | Research | Castle Age |
| 20:36 | Build | Stable |
| 20:37 | Build | Stable |
| 20:53 | Queue | Villager (Male) |
| 20:54 | Queue | Villager (Male) |
| 21:35 | Build | Mill |
| 21:52 | Research | Bloodlines |
| 21:52 | Queue | Scout Cavalry |
| 21:52 | Queue | Scout Cavalry |
| 21:53 | Queue | Scout Cavalry |
| 21:53 | Queue | Scout Cavalry |
| 21:56 | Build | Farm |
| 21:57 | Build | Farm |
| 23:16 | Age | Castle Age |
| 23:19 | Queue | Villager (Male) |
| 23:19 | Queue | Villager (Male) |
| 23:22 | Research | Light Cavalry (upgrade) |
| 23:23 | Queue | Knight |
| 23:23 | Queue | Knight |
| 23:23 | Queue | Knight |
| 23:40 | Build | Siege Workshop |
| 23:46 | Queue | Villager (Male) |
| 23:49 | Build | Town Center |
| 24:01 | Queue | Knight |
| 24:02 | Queue | Knight |
| 24:03 | Queue | Scout Cavalry |
| 24:03 | Queue | Scout Cavalry |
| 24:03 | Queue | Scout Cavalry |
| 24:03 | Queue | Scout Cavalry |
| 24:04 | Queue | Scout Cavalry |
| 24:04 | Queue | Scout Cavalry |
| 24:04 | Queue | Scout Cavalry |
| 24:05 | Queue | Scout Cavalry |
| 24:05 | Queue | Scout Cavalry |
| 24:34 | Build | Mill |
| 24:37 | Build | House |
| 24:38 | Build | House |
| 24:38 | Build | House |
| 24:38 | Build | House |
| 24:39 | Build | House |
| 24:53 | Queue | Villager (Male) |
| 24:54 | Queue | Villager (Male) |
| 24:54 | Queue | Villager (Male) |
| 25:28 | Queue | Battering Ram |
| 25:29 | Queue | Battering Ram |
| 25:33 | Queue | Knight |
| 25:33 | Queue | Knight |
Build order — john wick
First 150 of 280 actions detected
| 0:24 | Build | Town Center |
| 1:57 | Build | House |
| 1:58 | Build | House |
| 2:32 | Queue | Villager (Male) |
| 2:33 | Queue | Villager (Male) |
| 2:33 | Queue | Villager (Male) |
| 2:33 | Queue | Villager (Male) |
| 2:33 | Queue | Villager (Male) |
| 3:24 | Queue | Villager (Male) |
| 3:25 | Queue | Villager (Male) |
| 4:07 | Queue | Villager (Male) |
| 4:08 | Queue | Villager (Male) |
| 4:22 | Queue | Villager (Male) |
| 5:07 | Queue | Villager (Male) |
| 5:08 | Queue | Villager (Male) |
| 5:11 | Build | Lumber Camp |
| 5:59 | Queue | Villager (Male) |
| 5:59 | Queue | Villager (Male) |
| 5:59 | Queue | Villager (Male) |
| 5:59 | Queue | Villager (Male) |
| 5:59 | Queue | Villager (Male) |
| 6:23 | Queue | Villager (Male) |
| 6:23 | Queue | Villager (Male) |
| 6:37 | Build | House |
| 6:39 | Build | House |
| 6:40 | Build | House |
| 7:29 | Queue | Villager (Male) |
| 7:45 | Build | Mill |
| 7:56 | Queue | Villager (Male) |
| 7:56 | Queue | Villager (Male) |
| 8:01 | Queue | Villager (Male) |
| 8:01 | Queue | Villager (Male) |
| 8:01 | Queue | Villager (Male) |
| 8:50 | Queue | Villager (Male) |
| 9:17 | Queue | Villager (Male) |
| 9:22 | Build | House |
| 9:28 | Build | House |
| 9:34 | Build | House |
| 9:38 | Build | House |
| 9:50 | Queue | Villager (Male) |
| 9:50 | Queue | Villager (Male) |
| 9:50 | Queue | Villager (Male) |
| 9:50 | Queue | Villager (Male) |
| 9:50 | Queue | Villager (Male) |
| 10:05 | Queue | Villager (Male) |
| 10:09 | Build | Mining Camp |
| 10:29 | Build | House |
| 10:31 | Build | House |
| 10:47 | Research | Loom |
| 10:58 | Research | Feudal Age |
| 10:58 | Research | Feudal Age |
| 11:15 | Build | Barracks |
| 11:52 | Build | Mill |
| 12:39 | Queue | Militia |
| 12:39 | Queue | Militia |
| 12:40 | Queue | Militia |
| 12:43 | Queue | Militia |
| 13:27 | Queue | Militia |
| 13:44 | Queue | Villager (Male) |
| 14:11 | Queue | Villager (Male) |
| 14:18 | Age | Feudal Age |
| 14:22 | Research | Man-at-Arms (upgrade) |
| 14:22 | Research | Man-at-Arms (upgrade) |
| 14:22 | Research | Arson |
| 14:23 | Research | Arson |
| 14:36 | Queue | Villager (Male) |
| 14:41 | Build | Blacksmith |
| 14:50 | Queue | Villager (Male) |
| 15:36 | Queue | Villager (Male) |
| 15:42 | Queue | Spearman |
| 15:43 | Queue | Spearman |
| 15:48 | Queue | Spearman |
| 15:51 | Build | House |
| 15:54 | Build | Palisade Wall |
| 16:05 | Queue | Villager (Male) |
| 16:12 | Build | Farm |
| 16:28 | Queue | Villager (Male) |
| 16:32 | Research | Forging |
| 16:36 | Build | Farm |
| 16:53 | Queue | Villager (Male) |
| 16:57 | Build | House |
| 17:02 | Queue | Villager (Male) |
| 17:04 | Build | Farm |
| 17:36 | Build | House |
| 18:00 | Queue | Villager (Male) |
| 18:01 | Queue | Villager (Male) |
| 18:09 | Build | House |
| 18:25 | Build | Farm |
| 18:27 | Queue | Villager (Male) |
| 18:29 | Build | Farm |
| 19:05 | Queue | Villager (Male) |
| 19:08 | Build | Farm |
| 19:24 | Queue | Spearman |
| 19:34 | Research | Scale Mail Armor |
| 19:35 | Queue | Spearman |
| 19:51 | Build | Farm |
| 19:52 | Build | Farm |
| 20:02 | Queue | Villager (Male) |
| 20:03 | Queue | Villager (Male) |
| 20:03 | Queue | Villager (Male) |
| 20:20 | Queue | Villager (Male) |
| 20:38 | Queue | Villager (Male) |
| 20:58 | Queue | Villager (Male) |
| 21:07 | Build | Farm |
| 21:12 | Build | Market |
| 21:33 | Research | Horse Collar |
| 21:33 | Research | Horse Collar |
| 21:37 | Queue | Villager (Male) |
| 21:42 | Build | House |
| 22:26 | Queue | Villager (Male) |
| 22:27 | Queue | Villager (Male) |
| 22:28 | Build | Farm |
| 22:31 | Build | Farm |
| 22:42 | Build | Farm |
| 23:00 | Build | House |
| 23:07 | Build | Farm |
| 23:12 | Build | Lumber Camp |
| 23:14 | Build | Lumber Camp |
| 23:36 | Research | Castle Age |
| 23:45 | Build | Farm |
| 24:26 | Research | Double-Bit Axe |
| 24:32 | Build | Watch Tower |
| 24:33 | Build | Watch Tower |
| 24:49 | Build | Watch Tower |
| 24:58 | Queue | Spearman |
| 25:20 | Queue | Spearman |
| 25:57 | Build | Mining Camp |
| 26:05 | Build | Farm |
| 26:18 | Research | Wheelbarrow |
| 26:20 | Research | Town Watch |
| 26:20 | Research | Town Watch |
| 26:27 | Age | Castle Age |
| 26:42 | Build | University |
| 26:49 | Queue | Villager (Male) |
| 26:55 | Research | Fletching |
| 26:55 | Research | Fletching |
| 27:11 | Build | Castle |
| 27:35 | Research | Bodkin Arrow |
| 27:37 | Queue | Villager (Male) |
| 27:53 | Research | Ballistics |
| 27:53 | Research | Ballistics |
| 28:18 | Build | Farm |
| 28:22 | Queue | Samurai |
| 28:22 | Queue | Samurai |
| 28:22 | Queue | Samurai |
| 28:23 | Queue | Samurai |
| 28:33 | Queue | Villager (Male) |
| 28:46 | Queue | Villager (Male) |
| 28:50 | Build | Farm |
| 28:52 | Build | Mill |
Build order — The Geo
First 150 of 210 actions detected
| 0:37 | Build | Town Center |
| 0:41 | Build | House |
| 0:57 | Build | House |
| 2:48 | Queue | Villager (Male) |
| 2:49 | Queue | Villager (Male) |
| 2:49 | Queue | Villager (Male) |
| 2:49 | Queue | Villager (Male) |
| 3:45 | Queue | Villager (Male) |
| 3:45 | Queue | Villager (Male) |
| 4:30 | Research | Loom |
| 4:32 | Queue | Villager (Male) |
| 4:32 | Queue | Villager (Male) |
| 4:38 | Queue | Villager (Male) |
| 4:39 | Queue | Villager (Male) |
| 4:39 | Queue | Villager (Male) |
| 4:56 | Queue | Villager (Male) |
| 4:56 | Queue | Villager (Male) |
| 5:12 | Queue | Villager (Male) |
| 5:49 | Queue | Villager (Male) |
| 5:49 | Queue | Villager (Male) |
| 5:49 | Queue | Villager (Male) |
| 5:55 | Build | Lumber Camp |
| 6:28 | Queue | Villager (Male) |
| 6:29 | Queue | Villager (Male) |
| 6:29 | Queue | Villager (Male) |
| 6:29 | Queue | Villager (Male) |
| 6:31 | Queue | Villager (Male) |
| 6:31 | Queue | Villager (Male) |
| 6:31 | Queue | Villager (Male) |
| 6:41 | Queue | Villager (Male) |
| 6:43 | Build | House |
| 7:07 | Queue | Villager (Male) |
| 7:07 | Queue | Villager (Male) |
| 7:08 | Queue | Villager (Male) |
| 7:38 | Queue | Villager (Male) |
| 7:38 | Queue | Villager (Male) |
| 7:55 | Build | Mill |
| 7:59 | Queue | Villager (Male) |
| 8:00 | Queue | Villager (Male) |
| 8:08 | Queue | Villager (Male) |
| 8:35 | Queue | Villager (Male) |
| 8:35 | Queue | Villager (Male) |
| 8:35 | Queue | Villager (Male) |
| 9:11 | Build | Mill |
| 9:13 | Queue | Villager (Male) |
| 9:14 | Queue | Villager (Male) |
| 9:16 | Queue | Villager (Male) |
| 9:21 | Build | House |
| 9:22 | Queue | Villager (Male) |
| 9:22 | Queue | Villager (Male) |
| 9:58 | Queue | Villager (Male) |
| 9:58 | Queue | Villager (Male) |
| 9:58 | Queue | Villager (Male) |
| 9:59 | Queue | Villager (Male) |
| 9:59 | Queue | Villager (Male) |
| 10:01 | Build | House |
| 10:01 | Queue | Villager (Male) |
| 10:01 | Queue | Villager (Male) |
| 10:02 | Queue | Villager (Male) |
| 10:02 | Queue | Villager (Male) |
| 10:02 | Queue | Villager (Male) |
| 10:02 | Queue | Villager (Male) |
| 10:19 | Queue | Villager (Male) |
| 10:19 | Queue | Villager (Male) |
| 10:19 | Queue | Villager (Male) |
| 10:33 | Queue | Villager (Male) |
| 10:34 | Queue | Villager (Male) |
| 10:34 | Queue | Villager (Male) |
| 10:34 | Queue | Villager (Male) |
| 10:34 | Queue | Villager (Male) |
| 10:34 | Queue | Villager (Male) |
| 10:35 | Queue | Villager (Male) |
| 10:35 | Queue | Villager (Male) |
| 10:40 | Queue | Villager (Male) |
| 10:40 | Queue | Villager (Male) |
| 10:40 | Queue | Villager (Male) |
| 10:57 | Queue | Villager (Male) |
| 10:57 | Queue | Villager (Male) |
| 11:21 | Build | Lumber Camp |
| 12:18 | Build | Mining Camp |
| 12:20 | Build | Mill |
| 12:27 | Research | Feudal Age |
| 12:27 | Research | Feudal Age |
| 12:48 | Build | Barracks |
| 12:53 | Build | Palisade Wall |
| 13:22 | Build | Mining Camp |
| 14:39 | Age | Feudal Age |
| 14:40 | Queue | Spearman |
| 14:40 | Queue | Spearman |
| 14:40 | Queue | Spearman |
| 14:46 | Build | House |
| 14:49 | Build | Stable |
| 14:52 | Build | Palisade Wall |
| 14:57 | Build | Palisade Wall |
| 15:02 | Queue | Villager (Male) |
| 15:03 | Queue | Villager (Male) |
| 15:03 | Queue | Villager (Male) |
| 15:12 | Build | Stable |
| 15:58 | Build | House |
| 16:01 | Build | House |
| 16:04 | Build | House |
| 16:06 | Build | Palisade Wall |
| 16:07 | Build | Palisade Wall |
| 16:18 | Queue | Spearman |
| 16:18 | Queue | Spearman |
| 16:24 | Build | House |
| 16:26 | Build | Palisade Wall |
| 16:29 | Build | Palisade Wall |
| 16:30 | Build | Palisade Wall |
| 17:03 | Queue | Scout Cavalry |
| 17:04 | Queue | Scout Cavalry |
| 17:28 | Queue | Villager (Male) |
| 17:28 | Queue | Villager (Male) |
| 17:28 | Queue | Villager (Male) |
| 17:28 | Queue | Villager (Male) |
| 17:38 | Build | Mill |
| 18:02 | Queue | Scout Cavalry |
| 18:04 | Queue | Villager (Male) |
| 18:04 | Queue | Villager (Male) |
| 18:09 | Build | Mining Camp |
| 18:11 | Build | Palisade Wall |
| 18:35 | Build | Palisade Wall |
| 18:44 | Build | Farm |
| 18:45 | Build | Farm |
| 18:46 | Build | Farm |
| 18:51 | Build | Farm |
| 18:52 | Build | Farm |
| 19:06 | Queue | Villager (Male) |
| 19:06 | Queue | Villager (Male) |
| 19:06 | Queue | Villager (Male) |
| 19:24 | Build | Palisade Wall |
| 19:38 | Build | Palisade Gate |
| 20:03 | Build | Farm |
| 20:04 | Build | Farm |
| 20:09 | Build | Palisade Wall |
| 20:20 | Build | Palisade Wall |
| 20:32 | Queue | Scout Cavalry |
| 20:32 | Queue | Scout Cavalry |
| 20:32 | Queue | Scout Cavalry |
| 20:45 | Build | Farm |
| 20:47 | Build | Farm |
| 20:49 | Queue | Villager (Male) |
| 20:49 | Queue | Villager (Male) |
| 20:50 | Queue | Villager (Male) |
| 21:13 | Queue | Scout Cavalry |
| 21:16 | Queue | Villager (Male) |
| 21:16 | Queue | Villager (Male) |
| 21:44 | Research | Horse Collar |
| 21:44 | Research | Horse Collar |
| 23:16 | Queue | Villager (Male) |
Build order — LMG_HERA DE TEMU
First 150 of 271 actions detected
| 1:13 | Build | Town Center |
| 3:11 | Queue | Villager (Male) |
| 3:11 | Queue | Villager (Male) |
| 3:11 | Queue | Villager (Male) |
| 3:11 | Queue | Villager (Male) |
| 3:12 | Queue | Villager (Male) |
| 3:39 | Research | Loom |
| 3:39 | Queue | Villager (Male) |
| 3:39 | Queue | Villager (Male) |
| 3:39 | Queue | Villager (Male) |
| 3:40 | Queue | Villager (Male) |
| 3:40 | Queue | Villager (Male) |
| 4:15 | Queue | Villager (Male) |
| 4:15 | Queue | Villager (Male) |
| 4:15 | Queue | Villager (Male) |
| 5:15 | Queue | Villager (Male) |
| 5:16 | Queue | Villager (Male) |
| 5:16 | Queue | Villager (Male) |
| 5:24 | Queue | Villager (Male) |
| 5:24 | Queue | Villager (Male) |
| 5:24 | Queue | Villager (Male) |
| 5:50 | Queue | Villager (Male) |
| 5:50 | Queue | Villager (Male) |
| 5:57 | Build | Lumber Camp |
| 6:24 | Queue | Villager (Male) |
| 6:24 | Queue | Villager (Male) |
| 6:24 | Queue | Villager (Male) |
| 6:25 | Queue | Villager (Male) |
| 6:43 | Queue | Villager (Male) |
| 6:43 | Queue | Villager (Male) |
| 6:44 | Queue | Villager (Male) |
| 7:33 | Queue | Villager (Male) |
| 7:34 | Queue | Villager (Male) |
| 7:34 | Queue | Villager (Male) |
| 8:14 | Queue | Villager (Male) |
| 8:14 | Queue | Villager (Male) |
| 8:48 | Build | Mill |
| 8:53 | Queue | Villager (Male) |
| 8:53 | Queue | Villager (Male) |
| 10:18 | Queue | Villager (Male) |
| 10:19 | Queue | Villager (Male) |
| 10:27 | Research | Feudal Age |
| 11:37 | Queue | Villager (Male) |
| 11:37 | Queue | Villager (Male) |
| 11:40 | Build | Barracks |
| 12:37 | Age | Feudal Age |
| 12:53 | Build | Stable |
| 13:05 | Research | Double-Bit Axe |
| 13:20 | Queue | Spearman |
| 13:31 | Queue | Villager (Male) |
| 13:31 | Queue | Villager (Male) |
| 13:31 | Queue | Villager (Male) |
| 13:31 | Queue | Villager (Male) |
| 13:42 | Queue | Scout Cavalry |
| 13:42 | Queue | Scout Cavalry |
| 13:42 | Queue | Scout Cavalry |
| 13:42 | Queue | Scout Cavalry |
| 13:51 | Build | Palisade Gate |
| 13:58 | Build | Palisade Gate |
| 14:02 | Build | Palisade Wall |
| 14:05 | Build | Palisade Wall |
| 14:07 | Build | Palisade Wall |
| 14:21 | Queue | Villager (Male) |
| 14:24 | Queue | Spearman |
| 14:36 | Build | Mill |
| 14:43 | Queue | Villager (Male) |
| 14:43 | Queue | Villager (Male) |
| 15:26 | Queue | Villager (Male) |
| 15:26 | Queue | Villager (Male) |
| 16:08 | Queue | Scout Cavalry |
| 16:13 | Build | Blacksmith |
| 16:19 | Queue | Villager (Male) |
| 16:19 | Queue | Villager (Male) |
| 16:30 | Build | Stable |
| 16:39 | Queue | Villager (Male) |
| 16:39 | Queue | Villager (Male) |
| 17:20 | Build | Mill |
| 17:25 | Queue | Villager (Male) |
| 17:25 | Queue | Villager (Male) |
| 18:08 | Research | Forging |
| 18:31 | Queue | Scout Cavalry |
| 18:31 | Queue | Scout Cavalry |
| 19:25 | Research | Castle Age |
| 19:30 | Build | Archery Range |
| 19:31 | Build | Archery Range |
| 19:32 | Build | Archery Range |
| 21:01 | Queue | Villager (Male) |
| 21:01 | Queue | Villager (Male) |
| 21:08 | Research | Fletching |
| 22:05 | Age | Castle Age |
| 22:08 | Queue | Cavalry Archer |
| 22:08 | Queue | Cavalry Archer |
| 22:09 | Queue | Cavalry Archer |
| 22:09 | Queue | Cavalry Archer |
| 22:09 | Queue | Cavalry Archer |
| 22:29 | Research | Bodkin Arrow |
| 22:31 | Research | Husbandry |
| 22:35 | Research | Thumb Ring |
| 22:39 | Queue | Cavalry Archer |
| 22:39 | Queue | Cavalry Archer |
| 22:40 | Queue | Cavalry Archer |
| 22:47 | Build | Town Center |
| 22:50 | Queue | Villager (Male) |
| 22:51 | Queue | Villager (Male) |
| 22:51 | Queue | Villager (Male) |
| 23:20 | Queue | Spearman |
| 23:21 | Queue | Spearman |
| 23:38 | Build | Mining Camp |
| 23:45 | Research | Town Watch |
| 23:55 | Queue | Cavalry Archer |
| 23:55 | Queue | Cavalry Archer |
| 23:55 | Queue | Cavalry Archer |
| 24:54 | Build | Market |
| 24:55 | Queue | Villager (Male) |
| 24:55 | Queue | Villager (Male) |
| 24:55 | Queue | Villager (Male) |
| 24:56 | Queue | Villager (Male) |
| 24:56 | Queue | Villager (Male) |
| 25:11 | Queue | Cavalry Archer |
| 25:11 | Queue | Cavalry Archer |
| 25:11 | Queue | Cavalry Archer |
| 25:12 | Queue | Cavalry Archer |
| 25:52 | Queue | Cavalry Archer |
| 25:52 | Queue | Cavalry Archer |
| 25:53 | Queue | Cavalry Archer |
| 25:53 | Queue | Cavalry Archer |
| 26:11 | Queue | Villager (Male) |
| 26:12 | Queue | Villager (Male) |
| 26:12 | Queue | Villager (Male) |
| 26:37 | Queue | Knight |
| 26:38 | Queue | Knight |
| 26:38 | Queue | Knight |
| 27:20 | Queue | Cavalry Archer |
| 27:21 | Queue | Cavalry Archer |
| 27:21 | Queue | Cavalry Archer |
| 27:21 | Queue | Cavalry Archer |
| 27:40 | Research | Bloodlines |
| 28:00 | Build | Town Center |
| 28:06 | Research | Wheelbarrow |
| 28:13 | Build | Farm |
| 28:13 | Build | Farm |
| 28:13 | Build | Farm |
| 28:14 | Build | Farm |
| 28:14 | Build | Farm |
| 28:14 | Build | Farm |
| 28:14 | Build | Farm |
| 28:15 | Build | Farm |
| 28:15 | Build | Farm |
| 28:53 | Queue | Cavalry Archer |
| 28:54 | Queue | Cavalry Archer |
Build order — [KKCK]Erdinger_CLs
88 actions detected in the replay
| 0:31 | Build | Town Center |
| 1:42 | Build | House |
| 2:24 | Queue | Villager (Male) |
| 2:25 | Research | Loom |
| 2:36 | Queue | Villager (Male) |
| 2:36 | Queue | Villager (Male) |
| 2:36 | Queue | Villager (Male) |
| 2:37 | Queue | Villager (Male) |
| 3:57 | Build | House |
| 4:14 | Queue | Villager (Male) |
| 4:14 | Queue | Villager (Male) |
| 4:46 | Queue | Villager (Male) |
| 5:05 | Build | Lumber Camp |
| 5:12 | Queue | Villager (Male) |
| 5:12 | Queue | Villager (Male) |
| 5:38 | Build | House |
| 5:43 | Queue | Villager (Male) |
| 6:05 | Queue | Villager (Male) |
| 6:31 | Queue | Villager (Male) |
| 6:31 | Queue | Villager (Male) |
| 6:31 | Queue | Villager (Male) |
| 6:46 | Build | House |
| 7:11 | Queue | Villager (Male) |
| 7:12 | Queue | Villager (Male) |
| 7:12 | Queue | Villager (Male) |
| 7:39 | Queue | Villager (Male) |
| 8:16 | Queue | Villager (Male) |
| 8:16 | Queue | Villager (Male) |
| 8:16 | Queue | Villager (Male) |
| 8:56 | Queue | Villager (Male) |
| 9:02 | Build | Mill |
| 9:12 | Build | House |
| 10:22 | Research | Feudal Age |
| 10:29 | Build | Barracks |
| 10:53 | Build | House |
| 12:32 | Age | Feudal Age |
| 12:41 | Queue | Villager (Male) |
| 12:41 | Queue | Villager (Male) |
| 12:41 | Queue | Villager (Male) |
| 12:42 | Queue | Villager (Male) |
| 12:42 | Queue | Villager (Male) |
| 13:07 | Queue | Villager (Male) |
| 13:07 | Queue | Villager (Male) |
| 13:08 | Queue | Villager (Male) |
| 15:53 | Queue | Villager (Male) |
| 18:13 | Build | Blacksmith |
| 18:34 | Build | House |
| 19:12 | Queue | Villager (Male) |
| 19:32 | Build | House |
| 21:35 | Build | Palisade Gate |
| 22:15 | Build | Palisade Gate |
| 22:23 | Research | Fletching |
| 22:27 | Build | Palisade Wall |
| 22:55 | Queue | Villager (Male) |
| 25:58 | Build | Lumber Camp |
| 26:06 | Queue | Villager (Male) |
| 26:06 | Queue | Villager (Male) |
| 26:06 | Queue | Villager (Male) |
| 30:12 | Queue | Villager (Male) |
| 32:58 | Build | Town Center |
| 34:17 | Build | House |
| 34:19 | Build | House |
| 34:27 | Build | Lumber Camp |
| 34:44 | Queue | Villager (Male) |
| 34:44 | Queue | Villager (Male) |
| 35:09 | Build | House |
| 35:16 | Build | Farm |
| 35:25 | Build | Farm |
| 35:32 | Build | Farm |
| 35:41 | Queue | Villager (Male) |
| 36:12 | Build | Farm |
| 36:34 | Build | Market |
| 36:40 | Build | Stone Wall |
| 36:45 | Build | Stone Wall |
| 36:46 | Build | Stone Wall |
| 37:39 | Build | Watch Tower |
| 38:08 | Build | Watch Tower |
| 38:38 | Queue | Villager (Male) |
| 38:38 | Queue | Villager (Male) |
| 38:38 | Queue | Villager (Male) |
| 38:39 | Queue | Villager (Male) |
| 38:58 | Queue | Villager (Male) |
| 38:59 | Queue | Villager (Male) |
| 39:00 | Queue | Villager (Male) |
| 41:26 | Build | Watch Tower |
| 41:31 | Build | Watch Tower |
| 41:39 | Build | Watch Tower |
| 41:51 | Build | Watch Tower |
Match timeline
| 10:15 | LMG_Leonardo · first_building Barracks |
| 10:29 | [KKCK]Erdinger_CLs · first_building Barracks |
| 11:15 | john wick · first_building Barracks |
| 11:40 | LMG_HERA DE TEMU · first_building Barracks |
| 11:51 | LMG_Leonardo · age_up feudal |
| 11:53 | LMG_Leonardo · first_building Stable |
| 12:32 | [KKCK]Erdinger_CLs · age_up feudal |
| 12:37 | LMG_HERA DE TEMU · age_up feudal |
| 12:43 | LMG_SON SABANDIJAS · wall_segment Palisade Wall x3 |
| 12:48 | The Geo · first_building Barracks |
| 12:51 | LMG_SON SABANDIJAS · wall_segment Palisade Wall x5 |
| 12:53 | The Geo · wall_segment Palisade Wall x8 |
| 12:53 | LMG_HERA DE TEMU · first_building Stable |
| 13:35 | LMG_Leonardo · wall_segment Palisade Wall x4 |
| 14:02 | LMG_HERA DE TEMU · wall_segment Palisade Wall x6 |
| 14:05 | LMG_HERA DE TEMU · wall_segment Palisade Wall x1 |
| 14:07 | LMG_HERA DE TEMU · wall_segment Palisade Wall x1 |
| 14:18 | john wick · age_up feudal |
| 14:39 | The Geo · age_up feudal |
| 14:49 | The Geo · first_building Stable |
| 14:52 | The Geo · wall_segment Palisade Wall x2 |
| 14:57 | The Geo · wall_segment Palisade Wall x1 |
| 15:54 | john wick · wall_segment Palisade Wall x1 |
| 16:06 | The Geo · wall_segment Palisade Wall x1 |
| 16:07 | The Geo · wall_segment Palisade Wall x1 |
| 16:26 | The Geo · wall_segment Palisade Wall x1 |
| 16:29 | The Geo · wall_segment Palisade Wall x1 |
| 16:30 | The Geo · wall_segment Palisade Wall x1 |
| 18:11 | The Geo · wall_segment Palisade Wall x2 |
| 18:32 | LMG_Leonardo · wall_segment Palisade Wall x1 |
| 18:34 | LMG_Leonardo · wall_segment Palisade Wall x13 |
| 18:35 | The Geo · wall_segment Palisade Wall x1 |
| 19:24 | The Geo · wall_segment Palisade Wall x3 |
| 19:30 | LMG_HERA DE TEMU · first_building Archery Range |
| 20:09 | The Geo · wall_segment Palisade Wall x3 |
| 20:20 | The Geo · wall_segment Palisade Wall x1 |
| 20:50 | LMG_Leonardo · tribute_sent a jugador 2 |
| 20:50 | LMG_Leonardo · tribute_sent a jugador 3 |
| 20:50 | LMG_Leonardo · tribute_sent a jugador 4 |
| 20:50 | LMG_Leonardo · tribute_sent a jugador 5 |
| 20:50 | LMG_Leonardo · tribute_sent a jugador 6 |
| 22:05 | LMG_HERA DE TEMU · age_up castle |
| 22:27 | [KKCK]Erdinger_CLs · wall_segment Palisade Wall x1 |
| 22:52 | john wick · first_market_buy 100 food |
| 22:54 | john wick · first_market_sell 100 stone |
| 23:16 | LMG_Leonardo · age_up castle |
| 23:22 | The Geo · wall_segment Palisade Wall x1 |
| 23:40 | LMG_Leonardo · first_building Siege Workshop |
| 24:31 | The Geo · first_market_buy 100 food |
| 26:04 | LMG_HERA DE TEMU · tribute_sent a jugador 1 |
| 26:04 | LMG_HERA DE TEMU · tribute_sent a jugador 2 |
| 26:04 | LMG_HERA DE TEMU · tribute_sent a jugador 3 |
| 26:04 | LMG_HERA DE TEMU · tribute_sent a jugador 4 |
| 26:04 | LMG_HERA DE TEMU · tribute_sent a jugador 6 |
| 26:27 | LMG_Leonardo · tribute_sent a jugador 2 |
| 26:27 | LMG_Leonardo · tribute_sent a jugador 3 |
| 26:27 | LMG_Leonardo · tribute_sent a jugador 4 |
| 26:27 | LMG_Leonardo · tribute_sent a jugador 5 |
| 26:27 | LMG_Leonardo · tribute_sent a jugador 6 |
| 26:27 | john wick · age_up castle |
| 26:42 | The Geo · wall_segment Stone Wall x5 |
| 26:58 | The Geo · wall_segment Stone Wall x1 |
| 27:11 | john wick · first_building Castle |
| 27:13 | The Geo · wall_segment Stone Wall x1 |
| 27:14 | The Geo · age_up castle |
| 27:20 | The Geo · wall_segment Stone Wall x5 |
| 27:29 | The Geo · first_building Castle |
| 27:43 | LMG_SON SABANDIJAS · wall_segment Palisade Wall x1 |
| 29:19 | LMG_Leonardo · tribute_sent a jugador 2 |
| 29:19 | LMG_Leonardo · tribute_sent a jugador 3 |
| 29:19 | LMG_Leonardo · tribute_sent a jugador 4 |
| 29:19 | LMG_Leonardo · tribute_sent a jugador 5 |
| 29:19 | LMG_Leonardo · tribute_sent a jugador 6 |
| 29:21 | LMG_SON SABANDIJAS · age_up feudal |
| 29:35 | LMG_HERA DE TEMU · first_market_buy 100 food |
| 30:21 | LMG_HERA DE TEMU · first_building Siege Workshop |
| 31:09 | LMG_SON SABANDIJAS · first_market_buy 100 food |
| 31:33 | LMG_Leonardo · tribute_sent a jugador 2 |
| 31:33 | LMG_Leonardo · tribute_sent a jugador 3 |
| 31:33 | LMG_Leonardo · tribute_sent a jugador 4 |
| 31:33 | LMG_Leonardo · tribute_sent a jugador 5 |
| 31:33 | LMG_Leonardo · tribute_sent a jugador 6 |
| 33:44 | The Geo · first_building Siege Workshop |
| 34:02 | john wick · first_building Siege Workshop |
| 34:08 | The Geo · wall_segment Stone Wall x4 |
| 34:49 | The Geo · first_market_sell 100 stone |
| 36:40 | [KKCK]Erdinger_CLs · wall_segment Stone Wall x4 |
| 36:45 | [KKCK]Erdinger_CLs · wall_segment Stone Wall x11 |
| 36:46 | [KKCK]Erdinger_CLs · wall_segment Stone Wall x4 |
| 36:48 | LMG_SON SABANDIJAS · wall_segment Palisade Wall x1 |
| 37:04 | LMG_SON SABANDIJAS · wall_segment Palisade Wall x1 |
| 37:26 | The Geo · wall_segment Stone Wall x1 |
| 37:29 | LMG_Leonardo · first_building Castle |
| 37:33 | [KKCK]Erdinger_CLs · first_market_buy 100 stone |
| 38:39 | LMG_Leonardo · tribute_sent a jugador 2 |
| 38:39 | LMG_Leonardo · tribute_sent a jugador 3 |
| 38:39 | LMG_Leonardo · tribute_sent a jugador 4 |
| 38:39 | LMG_Leonardo · tribute_sent a jugador 5 |
| 38:39 | LMG_Leonardo · tribute_sent a jugador 6 |
| 39:21 | LMG_SON SABANDIJAS · first_market_sell 100 wood |
| 39:28 | LMG_HERA DE TEMU · first_building Monastery |
| 41:19 | [KKCK]Erdinger_CLs · first_market_sell 100 wood |
| 41:30 | john wick · resign |
[ AI ANALYSIS · 1 CREDIT ]
What really happened in this match?
Wolo.gg analyzes every decision: build order, eco, micro, common mistakes by bracket. Personalized analysis on WhatsApp or Discord in 30 seconds.
Civ guide
Persians
Perfil
Jugador #12010648